 Dungeon Crawl Stone Soup version 0.28.0-45-g0d030f2227 (webtiles) character file.

Game seed: 1884149588803945871

23450 Zeld the Stormcaller (level 13, -2/72 HPs)
             Began as a Tengu Air Elementalist on Apr 2, 2022.
             Was a Priest of Vehumet.
             Slain by a blink frog (6 damage)
             ... on level 1 of the Lair of Beasts.
             The game lasted 00:29:50 (29056 turns).

Zeld the Stormcaller (Tengu Air Elementalist)      Turns: 29056, Time: 00:29:51

Health: -2/72      AC:  8    Str:  8    XL:     13   Next: 6%
Magic:  13/30      EV: 15    Int: 20    God:    Vehumet [***...]
Gold:   1128       SH:  0    Dex: 20    Spells: 26/36 levels left

rFire   . . .      SeeInvis .   a - staff of air
rCold   + . .      Faith    .   (no shield)
rNeg    . . .      Spirit   .   c - +1 leather armour {rPois}
rPois   +          Reflect  .   e - +0 hat "Guzujueloh" {rPois rC+ Dex+4}
rElec   +          Harm     .   l - +1 cloak {rCorr}
rCorr   +          Rampage  .   f - +0 pair of gloves
Will    .....                   (boots unavailable)
Stlth   +.........              k - amulet of regeneration
HPRegen 1.02/turn               n - ring of wizardry
MPRegen 0.22/turn               m - ring of resist corrosion

@: confused, brilliant, flying quickly and evasively, quick
A: beak, talons 3, nimble flight, shaggy fur 1, wild magic 1
a: Renounce Religion


You were on level 1 of the Lair of Beasts.
You worshipped Vehumet.
Vehumet was most pleased with you.
You visited 4 branches of the dungeon, and saw 15 of its levels.

You collected 1815 gold pieces.
You spent 687 gold pieces at shops.

Inventory:

Armour
 c - a +1 leather armour of poison resistance (worn)
 e - the +0 hat "Guzujueloh" (worn) {rPois rC+ Dex+4}
   (You bought it in a shop on level 7 of the Dungeon)

   Dex:       It affects your dexterity (+4).
   rC:        It protects you from cold.
   rPois:     It protects you from poison.
 f - a +0 pair of gloves (worn)
 l - a +1 cloak of preservation (worn)
Magical Staves
 a - a staff of air (weapon)
Jewellery
 k - an amulet of regeneration (around neck)
 m - a ring of resist corrosion (right hand)
 n - a ring of wizardry (left hand)
 t - a ring of protection from cold
Wands
 j - a wand of flame (40)
Scrolls
 h - 3 scrolls of amnesia
 q - 2 scrolls of enchant weapon
 w - 2 scrolls of brand weapon
 z - a scroll of enchant armour {unknown}
Potions
 g - a potion of brilliance
 i - a potion of might
 o - a potion of flight {unknown}
 r - a potion of magic {unknown}
 s - a potion of invisibility {unknown}
 v - 3 potions of haste
 x - a potion of cancellation {unknown}
Miscellaneous
 u - a phial of floods


   Skills:
 - Level 5.0 Fighting
 - Level 3.0 Dodging
 - Level 3.0 Stealth
 - Level 12.0 Spellcasting
 - Level 10.0 Conjurations
 - Level 15.0 Air Magic
 + Level 9.5 Evocations


You had 26 spell levels left.
You knew the following spells:

 Your Spells              Type           Power      Damage    Failure   Level
a - Shock                 Conj/Air       100%       1d9       1%          1
b - Static Discharge      Conj/Air       100%       N/A       1%          2
c - Swiftness             Air            100%       N/A       1%          3
d - Airstrike             Air            59%        N/A       1%          4

Your spell library contained the following spells:

 Spells                   Type           Power      Damage    Failure   Level
 Stone Arrow              Conj/Erth      100%       3d13      1%          3
 Freeze                   Ice            92%        1d10      1%          1
 Hailstorm                Conj/Ice       58%        3d13      1%          4
 Frozen Ramparts          Ice            46%        1d6       4%          3
 Inner Flame              Hex/Fire       23%        N/A       4%          3
 Apportation              Tloc           46%        N/A       5%          1
 Ozocubu's Armour         Ice            23%        N/A       13%         3
 Cause Fear               Hex            11%        N/A       38%         4
 Alistair's Intoxication  Tmut/Pois      15%        N/A       69%         5
 Borgnjor's Vile Clutch   Necr/Erth      11%        N/A       69%         5
 Metabolic Englaciation   Hex/Ice        11%        N/A       69%         5
 Eringya's Noxious Bog    Tmut/Pois      11%        N/A       73%         6
 Simulacrum               Ice/Necr       11%        N/A       99%         6
 Discord                  Hex            11%        N/A       100%        8


Dungeon Overview and Level Annotations

Branches:
Dungeon (12/15)            Temple (1/1) D:7            Lair (1/6) D:11
    Orc (1/2) D:10

Altars:
Ashenzari
Cheibriados
Dithmenos
Elyvilon
Fedhas
Gozag
Hepliaklqana
Kikubaaqudgha
Makhleb
Nemelex Xobeh
Okawaru
Qazlal
Ru
Sif Muna
Trog
Uskayaw
Vehumet
Wu Jian
Xom
Yredelemnul
Zin
The Shining One

Shops:
D:4 ([[   D:6 *   D:7 [   D:10 *   Orc:1 [


Innate Abilities, Weirdness & Mutations

You have a beak for a mouth.
You have claws for feet.
Your magical nature lets you fly swiftly and evasively.
You are covered in fur. (AC +1)
Your spells are a little harder to cast, but a little more powerful.


Message History

* * * LOW HITPOINT WARNING * * *
The blink frog blinks!
You bump into the rock wall.
The golden eye blinks!
You are too confused!
You feel clever all of a sudden. The golden eye blinks at you.
You resist with some effort.
Really quaff the potion of mutation?
You feel extremely strange.
You feel robust. The antennae on your head shrink away.
You feel stupid.
You feel less in control of your magic. Fur sprouts all over your body.
The blink frog blinks!
The golden eye blinks at you.
You are more confused.
The blink frog blinks!
The golden eye blinks at you.
You are more confused.
The golden eye turns its gaze towards you.
You're too confused to cast spells.
Unknown command.
You're too confused to move!
The blink frog blinks!
The golden eye blinks!
The golden eye turns its gaze towards you.
The golden eye blinks at you. You resist with almost no effort.
You bump into the rock wall.
The blink frog hits you!
* * * LOW HITPOINT WARNING * * *
The golden eye blinks at you.
You easily resist.
The blink frog barely misses you.
You miss the blink frog. Your kick misses the blink frog.
The blink frog is lightly wounded.
The golden eye blinks at you.
You are more confused.
The blink frog hits you.
* * * LOW HITPOINT WARNING * * *
The golden eye blinks at you. You resist with almost no effort.
You're too confused to move!
The blink frog barely misses you. The golden eye blinks at you.
You resist with some effort. The blink frog hits you.
You die...

.......ยง.......?.....
#...#PP##.####.........
##...#........#....#####
...................##.##
#...#........#....##...
#...+........#.........
#...P........#.....#...
#...#.##...###.........
#.....@F..........#.##.
##......G..........##.##
.........................
....##############P###.##
### ### ###


You could see a blink frog and a golden eye.

Vanquished Creatures
  The ghost of Kazon the Cleaver, a journeyman HOFi of Makhleb (D:11)
  2 hydras
  A centaur warrior (D:9)
  4 two-headed ogres
  3 death yaks
  Pikel (D:7)
  A deep elf zephyrmancer (D:9)
  2 manticores
  2 ugly things
  A salamander (shapeshifter) (D:12)
  An orc sorcerer (Orc:1)
  An ice statue (D:10)
  3 gargoyles
  3 cane toads (Lair:1)
  A rime drake (Lair:1)
  A komodo dragon (D:11)
  3 trolls
  3 blink frogs (Lair:1)
  2 shadows
  2 wraiths
  14 yaks
  A vampire (D:10)
  A wyvern (Lair:1)
  3 steam dragons
  3 vampire mosquitoes
  2 chaos spawn (D:9)
  2 acid dragons
  A water moccasin (D:7)
  3 black bears
  12 orc warriors
  7 centaurs
  3 ogres
  A lemure (D:7)
  A phantom (D:5)
  The ghost of zeratav the Digger, an amateur OpEE (D:4)
  2 kobold brigands
  5 bullfrogs
  2 scorpions
  A wyvern zombie (D:7)
  A water moccasin skeleton (D:5)
  3 killer bees (D:8)
  3 wights (D:10)
  6 howler monkeys
  4 centaur zombies
  A bullfrog zombie (D:6)
  10 orc priests
  A jelly (D:8)
  2 centaur skeletons
  Crazy Yiuf (D:2)
  Jessica (D:2)
  Terence (D:2)
  Natasha (thrice) (D:2)
  3 iguanas
  18 orc wizards
  2 hell rats (D:11)
  2 killer bee zombies
  A hound skeleton (D:4)
  3 howler monkey zombies
  4 gnolls (D:4)
  3 adders
  2 river rats (D:11)
  A shadow imp (D:7)
  A white imp (D:5)
  2 ufetubi
  An adder skeleton (D:4)
  2 worms (D:3)
  4 dart slugs
  41 orcs
  8 ball pythons
  10 endoplasms
  2 giant cockroaches
  11 goblins
  6 hobgoblins
  7 kobolds
  2 quokkas
  3 bats
  A frilled lizard (D:3)
  5 rats
285 creatures vanquished.

Vanquished Creatures (others)
  11 plants
  2 withered plants (D:4)
13 creatures vanquished.

Grand Total: 298 creatures vanquished

Notes
Turn   | Place    | Note
-------+----------+-------------------------------------------
     0 | D:1      | Zeld the Tengu Air Elementalist began the quest for the
                  | Orb.
     0 | D:1      | Reached XP level 1. HP: 10/10 MP: 4/4
   371 | D:1      | Reached XP level 2. HP: 15/15 MP: 1/6
  1008 | D:1      | Reached XP level 3. HP: 15/19 MP: 3/7
  1011 | D:1      | Learned a level 2 spell: Static Discharge
  1015 | D:1      | Learned a level 3 spell: Swiftness
  2117 | D:2      | Noticed Natasha
  2124 | D:2      | Killed Natasha
  2125 | D:2      | Reached XP level 4. HP: 24/24 MP: 0/9
  2229 | D:2      | Noticed Jessica
  2233 | D:2      | Killed Jessica
  2234 | D:2      | Reached skill level 5 in Air Magic
  2544 | D:2      | Noticed Terence
  2555 | D:2      | Killed Terence
  2556 | D:2      | Gained mutation: Your magical nature lets you fly swiftly
                  | and evasively. [Tengu growth]
  2556 | D:2      | Reached XP level 5. HP: 10/28 MP: 3/10
  2561 | D:2      | Learned a level 4 spell: Airstrike
  2779 | D:2      | Found a runed translucent door.
  2780 | D:2      | Noticed Crazy Yiuf
  2968 | D:2      | Noticed Natasha
  2982 | D:2      | Killed Natasha
  3189 | D:2      | Noticed Natasha
  3202 | D:2      | Killed Natasha
  3572 | D:2      | Killed Crazy Yiuf
  4313 | D:3      | Reached XP level 6. HP: 6/32 MP: 12/12
  4901 | D:4      | Found Tefilov's Weapon Boutique.
  4952 | D:4      | Reached skill level 6 in Air Magic
  4989 | D:4      | Found a runed translucent door.
  5040 | D:4      | Noticed zeratav's ghost (amateur OpEE)
  5591 | D:4      | Identified the +4 war axe "Peics" {antimagic, rElec rC+
                  | rN+}
  5719 | D:4      | Found Vinlood's Antique Armour Emporium.
  5730 | D:4      | Found Huanitig's Armour Shoppe.
  5937 | D:5      | Entered Level 5 of the Dungeon
  6056 | D:4      | Bought a runed scarf for 152 gold pieces
  6164 | D:5      | Reached XP level 7. HP: 15/36 MP: 14/14
  6667 | D:5      | Reached skill level 7 in Air Magic
  7317 | D:6      | Noticed a steam dragon
  7630 | D:6      | Found Houl's Elemental Accessories.
  7767 | D:6      | Reached skill level 5 in Spellcasting
  7975 | D:6      | Reached XP level 8. HP: 33/42 MP: 16/16
  7984 | D:6      | Reached skill level 8 in Air Magic
  8291 | D:7      | Found Yseph's Antique Armour Boutique.
  8295 | D:7      | Reached skill level 1 in Fighting
  8357 | D:7      | Reached skill level 1 in Evocations
  8408 | D:7      | Found a staircase to the Ecumenical Temple.
  8417 | Temple   | Entered the Ecumenical Temple
  8542 | Temple   | Became a worshipper of Vehumet
  8644 | D:7      | Reached skill level 5 in Conjurations
  8754 | D:4      | Killed zeratav's ghost
  9138 | D:6      | Found Houl's Elemental Accessories.
  9971 | D:7      | Reached skill level 9 in Air Magic
 10651 | D:7      | Noticed Pikel
 10680 | D:7      | Killed Pikel
 10681 | D:7      | Reached XP level 9. HP: 49/49 MP: 0/19
 11410 | D:8      | Reached skill level 10 in Air Magic
 11957 | D:8      | Reached * piety under Vehumet
 11957 | D:8      | Offered knowledge of Sandblast by Vehumet.
 12805 | D:9      | Reached XP level 10. HP: 56/56 MP: 8/21
 12889 | D:9      | Found a shimmering altar of Xom.
 12932 | D:9      | Reached skill level 11 in Air Magic
 13152 | D:9      | Found the +7 mace of Variability {chain chaos}
 13229 | D:9      | Noticed a red ugly thing
 13251 | D:9      | Noticed an eight-headed hydra
 13348 | D:9      | Identified a scroll of acquirement
 13349 | D:9      | Acquired 769 gold pieces
 13692 | D:9      | Noticed a centaur warrior
 13697 | D:9      | Killed a centaur warrior
 14432 | D:9      | HP: 2/58 [yak (13)]
 14888 | D:6      | Bought a wand of flame (12) for 91 gold pieces
 14931 | D:7      | Bought an encrusted hat for 252 gold pieces
 14931 | D:7      | Identified the +0 hat "Guzujueloh" {rPois rC+ Dex+4} (You
                  | bought it in a shop on level 7 of the Dungeon)
 14995 | D:9      | Noticed a deep elf zephyrmancer
 15021 | D:9      | Killed a deep elf zephyrmancer
 15022 | D:9      | Reached skill level 12 in Air Magic
 15506 | D:9      | Reached skill level 5 in Fighting
 15506 | D:9      | Reached skill level 5 in Evocations
 15666 | D:10     | Entered Level 10 of the Dungeon
 15674 | D:10     | Found a hide-covered altar of Uskayaw.
 15923 | D:10     | Found a staircase to the Orcish Mines.
 16095 | D:9      | Reached XP level 11. HP: 63/63 MP: 15/24
 16393 | D:9      | Found a shimmering blue altar of Sif Muna.
 16397 | D:9      | Found a shadowy altar of Dithmenos.
 16398 | D:9      | Found a blossoming altar of Fedhas.
 16401 | D:9      | Found a sacrificial altar of Ru.
 16579 | D:9      | Found a white marble altar of Elyvilon.
 17104 | D:9      | Killed an eight-headed hydra
 17105 | D:9      | Reached skill level 13 in Air Magic
 17556 | D:10     | Found Xeebila's Hallowed Reliquary.
 17560 | D:10     | Noticed an angel
 17564 | D:10     | Bought a potion of curing for 36 gold pieces
 17564 | D:10     | Bought a potion of curing for 36 gold pieces
 17564 | D:10     | Bought 2 potions of heal wounds for 120 gold pieces
 18279 | D:11     | Identified the +0 scale mail of Supple Strength {Int-4
                  | Dex+5}
 18301 | D:11     | Noticed a six-headed hydra
 18304 | D:11     | Noticed a death yak
 18306 | D:11     | Killed a six-headed hydra
 18584 | D:11     | Noticed a manticore
 18589 | D:11     | Killed a manticore
 18764 | D:11     | Identified the +5 tower shield "Sung" {Rampage Drain Int+2
                  | Slay+3}
 18839 | D:11     | Found a runed translucent door.
 18998 | D:11     | Reached ** piety under Vehumet
 18998 | D:11     | Offered knowledge of Poisonous Vapours by Vehumet.
 19098 | D:11     | Noticed a death yak
 19098 | D:11     | Noticed a death yak
 19408 | D:11     | Noticed a two-headed ogre
 19416 | D:11     | Killed a two-headed ogre
 19422 | D:11     | Noticed a two-headed ogre
 19704 | D:11     | Noticed Kazon's ghost (journeyman HOFi)
 19986 | D:11     | Found a staircase to the Lair.
 20110 | D:11     | Noticed a white ugly thing
 20114 | D:11     | Killed a white ugly thing
 20115 | D:11     | Reached skill level 14 in Air Magic
 20290 | D:11     | Killed a death yak
 20291 | D:11     | Reached skill level 10 in Spellcasting
 20291 | D:11     | Reached XP level 12. HP: 68/68 MP: 5/27
 20315 | D:11     | Reached skill level 10 in Conjurations
 20459 | D:11     | Killed a two-headed ogre
 20697 | D:11     | Found a staircase to the Lair.
 20749 | D:11     | Killed a death yak
 21108 | D:10     | Found a staircase to the Orcish Mines.
 21134 | D:10     | Killed a death yak
 21339 | D:10     | Found Xeebila's Hallowed Reliquary.
 21524 | D:10     | Found a hide-covered altar of Uskayaw.
 22613 | D:11     | Found a staircase to the Lair.
 23619 | D:10     | Reached skill level 15 in Air Magic
 23622 | D:10     | Identified the +1 robe of the Moon Troll {rC+ Regen+
                  | Archmagi}
 23932 | D:11     | Found a staircase to the Lair.
 24266 | D:11     | Killed Kazon's ghost
 24954 | D:12     | Noticed a two-headed ogre
 25864 | D:12     | Noticed a six-headed hydra
 25865 | D:12     | Noticed a boulder beetle
 26151 | D:12     | Offered knowledge of Dazzling Flash by Vehumet.
 26323 | D:12     | Identified the +10 flail "Nykosi" {drain, *Rage Int+3 Dex+2
                  | SInv}
 26501 | D:12     | Found a sparkling altar of Nemelex Xobeh.
 26597 | D:12     | Killed a two-headed ogre
 26682 | Orc:1    | Entered Level 1 of the Orcish Mines
 27277 | Orc:1    | Reached *** piety under Vehumet
 27468 | Orc:1    | Noticed a sun demon
 27894 | Orc:1    | Found Cumeb's Antique Armour Emporium.
 27938 | Orc:1    | Noticed a two-headed ogre
 27943 | Orc:1    | Killed a two-headed ogre
 28034 | Orc:1    | Noticed an orc warlord
 28094 | D:10     | Offered knowledge of Stone Arrow by Vehumet.
 28528 | Lair:1   | Entered Level 1 of the Lair of Beasts
 28733 | Lair:1   | Reached XP level 13. HP: 72/72 MP: 17/30
 28958 | Lair:1   | Gained mutation: You have a pair of small antennae on your
                  | head. [potion of mutation]
 28958 | Lair:1   | Gained mutation: Your mind is acute. (Int +2) [potion of
                  | mutation]
 28958 | Lair:1   | Gained mutation: You are frail. (-10% HP) [potion of
                  | mutation]
 29047 | Lair:1   | Lost mutation: You are frail. (-10% HP) [potion of
                  | mutation]
 29047 | Lair:1   | Lost mutation: You have a pair of small antennae on your
                  | head. [potion of mutation]
 29047 | Lair:1   | Lost mutation: Your mind is acute. (Int +2) [potion of
                  | mutation]
 29047 | Lair:1   | Gained mutation: Your spells are a little harder to cast,
                  | but a little more powerful. [potion of mutation]
 29047 | Lair:1   | Gained mutation: You are covered in fur. (AC +1) [potion of
                  | mutation]
 29055 | Lair:1   | HP: 3/72 [blink frog (6)]
 29056 | Lair:1   | Slain by a blink frog

Illustrated notes

Levels and vault maps discovered:
D:1:      amcnicky_arrival_gap_in_the_tavern_cellar, layout_loops_ring
D:2:      layout_basic, corexii_hall_statues_x, minmay_misc_feat_nine_boxes,
          uniq_jessica, uniq_crazy_yiuf_cottage, uniq_terence, uniq_natasha
D:3:      layout_loops_ring, amethyst_killhole, serial_bayou_pond_b
D:4:      layout_cave_pools, serial_shops, shop_fountains, shop, shop,
          gammafunk_ghost_grave
D:5:      layout_loops_cross, grunt_ministairs_1
D:6:      layout_loops_ring, nicolae_elemental_shop
D:7:      layout_rooms, minmay_temple_entry_arrows, serial_shops,
          nicolae_diamond_shop, uniq_pikel
D:8:      layout_basic
D:9:      wad_statue_garden, layout_irregular_city, grunt_temple_overflow_open,
          enter_bailey_3, minmay_guarded_unrand_variability
D:10:     lemuel_ice_statue, layout_irregular_city, nicolae_uskayaw_dance_hall,
          orc_0_dummy, nicolae_good_shop
D:11:     minmay_spotlight, layout_long_grid, dpeg_lair_monsters,
          ebering_ghost_reflecting_pool
D:12:     layout_roguey, hangedman_abyss_or_decor_stagger, corner_web_ring,
          chequers_serial_rivers_room_a, nemelex_xobeh_ov_fountains_minmay
Temple:   compressed_dpeg_circular_temple
Lair:1:   layout_regular_city
Orc:1:    layout_caves, serial_shops, shop_fountains

Skill      XL: |  1  2  3  4  5  6  7  8  9 10 11 12 |
---------------+-------------------------------------+-----
Conjurations   | 2 3 4 6 7 8 9 10 | 10.0
Air Magic      | 5 6 7 9 10 12 14 15 | 15.0
Spellcasting   | 3 4 5 6 7 8 10 12 | 12.0
Dodging        | 3 |  3.0
Stealth        | 3 |  3.0
Fighting       | 2 3 5 |  5.0
Evocations     | 2 3 5 6 9 |  9.5

Action                   |  1- 3 |  4- 6 |  7- 9 | 10-12 | 13-15 || total
-------------------------+-------+-------+-------+-------+-------++-------
Melee: Unarmed           |    20 |       |       |       |       ||    20
       Kick              |     6 |    33 |    43 |    10 |     1 ||    93
       Peck              |     4 |    20 |    31 |     4 |       ||    59
       Dagger            |       |   103 |    93 |       |       ||   196
       Staff             |       |       |    14 |    28 |     5 ||    47
       Punch             |       |       |     1 |       |       ||     1
 Cast: Shock             |    69 |    16 |    17 |    64 |    13 ||   179
       Static Discharge  |       |    14 |    38 |    22 |     3 ||    77
       Airstrike         |       |     3 |    50 |   322 |    10 ||   385
       Swiftness         |       |       |     1 |     4 |       ||     5
Evoke: Wand              |       |       |       |     2 |     4 ||     6
  Use: Scroll            |       |       |    14 |    16 |       ||    30
       Potion            |       |       |       |     5 |     7 ||    12
 Stab: Sleeping          |       |     4 |     2 |     1 |       ||     7
       Distracted        |       |       |       |     1 |       ||     1
Armor: Robe              |     3 |    20 |    41 |       |       ||    64
       Leather armour    |       |       |     5 |    42 |     5 ||    52
Dodge: Dodged            |    14 |    72 |   151 |   144 |    30 ||   411
